 Dungeon Sprint DCSS version 0.17-a0-1450-g7e755d1 (webtiles) character file.

9475 pulse the Severer (level 11, -2/101 HPs)
             Began as a Formicid Berserker on June 30, 2015.
             Was an Initiate of Makhleb.
             Slain by a polar bear (24 damage)
             ... created by the rage of Trog
             ... in the Dungeon (Sprint IX: "|||||||||||||||||||||||||||||").
             The game lasted 00:12:23 (3594 turns).

pulse the Severer (Formicid Berserker)              Turns: 3594, Time: 00:12:23

Health: -2/101     AC: 16    Str: 29    XL:     11   Next: 75%
Magic:  13/13      EV: 15    Int:  6    God:    Makhleb [......]
Gold:   345        SH:  0    Dex: 18    Spells: 0 memorised, 10 levels left

rFire  . . .     SeeInvis +     v - +8 executioner's axe of the Pyrrhic Victory {venom, SInv}
rCold  . . .     Clarity  .     n - +1 chain mail
rNeg   . . .     SustAt   .     (no shield)
rPois  .         Gourm    .     (helmet unavailable)
rElec  .         Spirit   .     u - +0 cloak
rCorr  .         Warding  .     m - +0 pair of gloves
rMut   .         Stasis   +     (no boots)
MR     +....                    (no amulet)
Stlth  +.........               p - +3 ring of dexterity
                                o - +3 ring of strength

@: agile, studying Armour, somewhat resistant to hostile enchantments, very
unstealthy
A: permanent stasis, dig shafts and tunnels, four strong arms, antennae 3
a: Dig, Renounce Religion


You were in the Dungeon.
You worshipped Makhleb.
Makhleb was noncommittal.
You were not hungry.

You visited 1 branch You collected 1922 gold pieces.
You spent 1577 gold pieces at shops.

Inventory:

Hand weapons
 v - the +8 executioner's axe of the Pyrrhic Victory (weapon) {venom, SInv}
   (Trog gifted it to you in the Dungeon)

   It poisons the flesh of those it strikes.
   It lets you see invisible.
 w - a +4 executioner's axe of flaming
Armour
 m - a +0 pair of gloves (worn)
 n - a +1 chain mail (worn)
 u - a +0 cloak (worn)
Jewellery
 o - a +3 ring of strength (left hand)
 p - a +3 ring of dexterity (right hand)
Magical devices
 l - a wand of fire (5)
Scrolls
 e - 2 scrolls of recharging
 i - 3 scrolls of blinking
 k - 4 scrolls of remove curse
 q - a scroll of identify
 r - 2 scrolls of enchant weapon
 z - 2 scrolls of amnesia
Potions
 a - a potion of heal wounds
 d - 6 potions of curing
 f - 2 potions of haste
 g - 4 potions of magic
 h - 2 potions of berserk rage
 j - a potion of invisibility
 x - 3 potions of might
Books
 y - a manual of Armour
Comestibles
 b - 13 bread rations
 c - 39 fruits
 t - 11 meat rations


   Skills:
 + Level 14.4 Fighting
 * Level 19.8 Axes
 + Level 11.7 Armour
 - Level 2.1 Dodging
 + Level 6.2 Stealth
 + Level 3.8 Evocations


You had 10 spell levels left.
You didn't know any spells.

Dungeon Overview and Level Annotations

Branches:
Dungeon (1/1)

Altars:
Cheibriados
Dithmenos
Elyvilon
Fedhas
Gozag
Kikubaaqudgha
Makhleb
Nemelex Xobeh
Okawaru
Qazlal
Ru
Sif Muna
Trog
Vehumet
Xom
Yredelemnul
Zin
The Shining One
Beogh
Jiyva
Lugonu

Shops:
D ?}!:

Annotations:
D Sonja


Innate Abilities, Weirdness & Mutations

You are under a permanent stasis effect.
You can dig through walls and to a lower floor.
Your four strong arms can wield two-handed weapons with a shield.
You have a pair of large antennae on your head (SInv).


Message History

You feel much better. The ogre barely misses you. The polar bear bites you.
* * * LOW HITPOINT WARNING * * *
The polar bear completely misses you.
The polar bear claws you but does no damage.
Unknown command.
You are too injured to fight recklessly!
You dice the ogre like an onion!!!
You kill the ogre!
That felt strangely unrewarding.
You slice the polar bear!!
The polar bear is severely wounded.
The polar bear closely misses you. The polar bear barely misses you.
The polar bear barely misses you. The polar bear bites you.
* * * LOW HITPOINT WARNING * * *
The polar bear claws you.
* * * LOW HITPOINT WARNING * * *
The polar bear claws you but does no damage.
You hit the polar bear but do no damage.
The polar bear is severely wounded.
The polar bear bites you!!
You die...

.................................
▓▓▓▓▓▓▓▓▓▓▓▓▓▓▓▓▓▓▓▓▓▓▓▓▓▓▓▓▓▓▓▓▓
....)'.........).........'.).....
▓▓▓▓▓▓▓▓▓▓▓▓▓▓▓▓▓▓▓▓▓▓▓▓▓▓▓▓▓▓▓▓▓
.................................
▓▓▓▓▓▓▓▓▓▓▓▓▓▓▓▓▓▓▓▓▓▓▓▓▓▓▓▓▓▓▓▓▓
)))........))))).)))...)')))))∩.∩
▓▓▓▓▓▓▓▓▓▓▓▓▓▓▓▓▓▓▓▓▓▓▓▓▓▓▓▓▓▓▓▓▓
.....hh@....((..........
▓▓▓▓▓▓▓▓▓▓▓▓▓▓▓▓▓▓▓▓▓▓▓▓


{{{{{{ { {{{{{{{{{ {{{{{{{{{ {{{ You could see 2 polar bears.

Vanquished Creatures
  A death yak (D)
  An orc high priest (D)
  Urug (D)
  A lindwurm (D)
  2 griffons (D)
  A manticore (D)
  4 orc sorcerers (D)
  A spiny frog (D)
  A blink frog (D)
  3 yaks (D)
  A shadow (D)
  A hippogriff (D)
  2 wolves (D)
  2 water moccasins (D)
  4 porcupines (D)
  A black bear (D)
  11 orc warriors (D)
  An ogre (D)
  A phantom (D)
  A necrophage (D)
  2 crocodiles (D)
  4 brain worms (D)
  2 giant frogs (D)
  A scorpion (D)
  4 orc priests (D)
  An iguana (D)
  13 orc wizards (D)
  3 worms (D)
  A giant gecko (D)
  7 orcs (D)
  A ball python (D)
  2 bat zombies (D)
  A hobgoblin (D)
  2 bats (D)
  A giant newt (D)
  2 goblins (D)
  A rat (D)
89 creatures vanquished.

Notes
Turn   | Place    | Note
--------------------------------------------------------------
     0 | D        | pulse the Formicid Berserker began the quest for the Orb.
     0 | D        | Reached XP level 1. HP: 18/18 MP: 1/1
    12 | D        | Reached skill level 4 in Fighting
    14 | D        | Acquired Trog's second power
   217 | D        | Reached XP level 2. HP: 17/25 MP: 2/2
   403 | D        | Found a glowing silver altar of Zin.
   403 | D        | Found a glowing golden altar of the Shining One.
   403 | D        | Found an ancient bone altar of Kikubaaqudgha.
   403 | D        | Found a basalt altar of Yredelemnul.
   403 | D        | Found a shimmering altar of Xom.
   403 | D        | Found a radiant altar of Vehumet.
   404 | D        | Found an iron altar of Okawaru.
   405 | D        | Found a burning altar of Makhleb.
   406 | D        | Found a deep blue altar of Sif Muna.
   407 | D        | Found a bloodstained altar of Trog.
   408 | D        | Found a sparkling altar of Nemelex Xobeh.
   409 | D        | Found a white marble altar of Elyvilon.
   410 | D        | Found a roughly hewn altar of Beogh.
   411 | D        | Found a viscous altar of Jiyva.
   412 | D        | Found a corrupted altar of Lugonu.
   413 | D        | Found a blossoming altar of Fedhas.
   414 | D        | Found a snail-covered altar of Cheibriados.
   415 | D        | Found a shadowy altar of Dithmenos.
   416 | D        | Found a stormy altar of Qazlal.
   417 | D        | Found an opulent altar of Gozag.
   418 | D        | Found a sacrificial altar of Ru.
   475 | D        | Noticed a yak
   475 | D        | Noticed an orc warrior
   475 | D        | Noticed a scorpion
   475 | D        | Noticed an iguana
   482 | D        | Killed a yak
   482 | D        | Acquired Trog's third power
   482 | D        | Reached skill level 7 in Fighting
   482 | D        | Reached skill level 8 in Axes
   482 | D        | Reached XP level 3. HP: 17/36 MP: 3/3
   482 | D        | Reached XP level 4. HP: 20/43 MP: 4/4
   482 | D        | Reached XP level 5. HP: 22/48 MP: 5/5
   488 | D        | Killed an orc warrior
   488 | D        | Reached skill level 9 in Axes
   488 | D        | Reached XP level 6. HP: 43/56 MP: 6/6
   492 | D        | Killed a scorpion
   492 | D        | Reached skill level 10 in Axes
   499 | D        | Killed an iguana
   634 | D        | Noticed a shadow
   634 | D        | Noticed a necrophage
   634 | D        | Noticed a manticore
   634 | D        | Noticed a giant frog
   634 | D        | Noticed a griffon
   634 | D        | Noticed a phantom
   636 | D        | Killed a necrophage
   636 | D        | Reached skill level 11 in Axes
   636 | D        | Reached skill level 5 in Armour
   636 | D        | Reached XP level 7. HP: 61/63 MP: 7/7
   637 | D        | Killed a shadow
   637 | D        | Reached skill level 12 in Axes
   647 | D        | Killed a manticore
   647 | D        | Reached skill level 10 in Fighting
   647 | D        | Reached skill level 13 in Axes
   647 | D        | Reached skill level 1 in Evocations
   647 | D        | Reached XP level 8. HP: 48/72 MP: 7/9
   651 | D        | Killed a phantom
   655 | D        | Killed a griffon
   655 | D        | Reached skill level 14 in Axes
   655 | D        | Reached skill level 5 in Stealth
   655 | D        | Reached XP level 9. HP: 30/79 MP: 7/10
   658 | D        | Killed a giant frog
   984 | D        | Noticed a giant frog
   984 | D        | Noticed a wolf
   984 | D        | Noticed a porcupine
   984 | D        | Noticed a hippogriff
   984 | D        | Noticed a yak
   984 | D        | Noticed a blink frog
   988 | D        | Killed a giant frog
   989 | D        | Noticed a death yak
   990 | D        | Killed a wolf
   990 | D        | Received a gift from Trog
   993 | D        | Noticed a crocodile
   993 | D        | Killed a porcupine
   995 | D        | Noticed a yak
   996 | D        | Killed a hippogriff
  1000 | D        | Killed a yak
  1000 | D        | Reached skill level 15 in Axes
  1006 | D        | Killed a death yak
  1010 | D        | Killed a crocodile
  1010 | D        | Reached XP level 10. HP: 34/89 MP: 12/12
  1013 | D        | Killed a yak
  1013 | D        | Reached skill level 16 in Axes
  1015 | D        | Killed a blink frog
  1015 | D        | Received a gift from Trog
  1018 | D        | Got a brightly glowing battleaxe {god gift}
  1019 | D        | Identified the +2 battleaxe "Poquc" {flame, rElec Str+4} (Trog gifted it to you in the Dungeon)
  1250 | D        | Noticed a water moccasin
  1250 | D        | Noticed a porcupine
  1250 | D        | Noticed a griffon
  1250 | D        | Noticed a crocodile
  1250 | D        | Noticed a wolf
  1250 | D        | Noticed a spiny frog
  1255 | D        | Noticed a water moccasin
  1255 | D        | Killed a water moccasin
  1257 | D        | Killed a griffon
  1258 | D        | Killed a porcupine
  1259 | D        | Noticed a porcupine
  1262 | D        | Noticed a porcupine
  1263 | D        | Killed a crocodile
  1268 | D        | Killed a wolf
  1275 | D        | Killed a spiny frog
  1275 | D        | Received a gift from Trog
  1275 | D        | Reached skill level 17 in Axes
  1279 | D        | Killed a water moccasin
  1282 | D        | Killed a porcupine
  1282 | D        | Reached skill level 10 in Armour
  1283 | D        | HP: 2/91 [porcupine (11)]
  1287 | D        | Killed a porcupine
  1625 | D        | Noticed a brain worm
  1625 | D        | Noticed a brain worm
  1625 | D        | Noticed a lindwurm
  1625 | D        | Noticed a brain worm
  1627 | D        | Killed a brain worm
  1629 | D        | Noticed a brain worm
  1630 | D        | Killed a brain worm
  1636 | D        | Killed a lindwurm
  1636 | D        | Received a gift from Trog
  1639 | D        | Killed a brain worm
  1644 | D        | Killed a brain worm
  1979 | D        | Noticed an orc priest
  1979 | D        | Noticed an orc wizard
  1979 | D        | Noticed an orc priest
  1979 | D        | Noticed an orc wizard
  1979 | D        | Noticed an orc priest
  1980 | D        | Killed an orc priest
  1980 | D        | Killed an orc wizard
  1980 | D        | Received a gift from Trog
  1982 | D        | Noticed an orc priest
  1983 | D        | Killed an orc priest
  1985 | D        | Killed an orc wizard
  1985 | D        | Reached skill level 18 in Axes
  1986 | D        | Noticed an orc wizard
  1990 | D        | Killed an orc priest
  1990 | D        | Received a gift from Trog
  1991 | D        | Killed an orc priest
  1997 | D        | Killed an orc wizard
  2002 | D        | Noticed an orc warrior
  2013 | D        | Killed an orc warrior
  2013 | D        | Received a gift from Trog
  2013 | D        | Reached XP level 11. HP: 89/98 MP: 13/13
  2048 | D        | Noticed an orc warrior
  2048 | D        | Noticed an orc warrior
  2048 | D        | Noticed an orc warrior
  2048 | D        | Noticed an orc warrior
  2048 | D        | Noticed an orc high priest
  2051 | D        | Noticed an orc warrior
  2052 | D        | Killed an orc warrior
  2053 | D        | Noticed an orc wizard
  2054 | D        | Noticed an orc warrior
  2054 | D        | Killed an orc warrior
  2056 | D        | Killed an orc warrior
  2061 | D        | Noticed an orc warrior
  2063 | D        | Killed an orc warrior
  2064 | D        | Noticed an orc warrior
  2072 | D        | Noticed an orc warrior
  2072 | D        | Killed an orc high priest
  2072 | D        | Received a gift from Trog
  2073 | D        | Killed an orc warrior
  2078 | D        | Killed an orc warrior
  2080 | D        | Killed an orc warrior
  2084 | D        | Killed an orc warrior
  2087 | D        | Killed an orc warrior
  2088 | D        | Killed an orc wizard
  2088 | D        | Received a gift from Trog
  2097 | D        | Got a transparent executioner's axe {god gift}
  2098 | D        | Identified the +8 executioner's axe of the Pyrrhic Victory {venom, SInv} (Trog gifted it to you in the Dungeon)
  2431 | D        | Found Seikank's Magic Scroll Emporium.
  2431 | D        | Noticed an orc wizard
  2431 | D        | Noticed an orc wizard
  2431 | D        | Noticed an orc sorcerer
  2431 | D        | Noticed an orc wizard
  2431 | D        | Noticed an orc wizard
  2432 | D        | Noticed an orc wizard
  2433 | D        | Killed an orc wizard
  2433 | D        | Killed an orc wizard
  2434 | D        | Noticed an orc wizard
  2436 | D        | Noticed an orc wizard
  2437 | D        | Killed an orc sorcerer
  2437 | D        | Reached skill level 19 in Axes
  2437 | D        | Killed an orc wizard
  2438 | D        | Found Valuummy's Gadget Shoppe.
  2440 | D        | Killed an orc wizard
  2440 | D        | Received a gift from Trog
  2442 | D        | Killed an orc wizard
  2445 | D        | Killed an orc wizard
  2449 | D        | Killed an orc wizard
  2461 | D        | Found Reus's Distillery.
  2465 | D        | Found Tisunism's Book Shoppe.
  2467 | D        | Noticed an orc sorcerer
  2468 | D        | Noticed a sun demon
  2468 | D        | Noticed an orc sorcerer
  2469 | D        | Noticed an orc wizard
  2470 | D        | Noticed an orc sorcerer
  2471 | D        | Killed a sun demon
  2472 | D        | Killed an orc sorcerer
  2472 | D        | Received a gift from Trog
  2473 | D        | Noticed an orc wizard
  2475 | D        | Killed an orc sorcerer
  2478 | D        | Killed an orc sorcerer
  2480 | D        | Killed an orc wizard
  2481 | D        | Killed an orc wizard
  2716 | D        | Bought a potion of curing for 30 gold pieces
  2716 | D        | Bought a potion of agility for 40 gold pieces
  2716 | D        | Bought a potion of curing for 30 gold pieces
  2716 | D        | Bought a potion of heal wounds for 50 gold pieces
  2716 | D        | Bought a potion of curing for 30 gold pieces
  2716 | D        | Bought a potion of heal wounds for 50 gold pieces
  2716 | D        | Bought a potion of might for 40 gold pieces
  2716 | D        | Bought 2 potions of might for 80 gold pieces
  2724 | D        | Bought a scroll of recharging for 123 gold pieces
  2730 | D        | Bought a manual of Armour for 1104 gold pieces
  3211 | D        | Fell from the grace of Trog
  3211 | D        | Became a worshipper of Makhleb the Destroyer
  3540 | D        | Noticed Sonja
  3554 | D        | Noticed Urug
  3565 | D        | Killed Urug
  3594 | D        | Slain by a polar bear

Vault maps used:
D:        linesprint

Action                   |  1- 3 |  4- 6 |  7- 9 | 10-12 || total
-------------------------+-------+-------+-------+-------++-------
Melee: Hand axe          |    33 |       |       |       ||    33
       Broad axe         |     6 |    15 |    46 |     5 ||    72
       Battleaxe         |       |       |       |   103 ||   103
       Executioner's axe |       |       |       |    31 ||    31
Evoke: Wand              |     1 |     1 |     1 |     4 ||     7
  Use: Potion            |       |     1 |     2 |     9 ||    12
       Scroll            |       |       |       |     1 ||     1
 Stab: Sleeping          |     1 |       |       |       ||     1
  Eat: Bread ration      |       |       |       |     1 ||     1
       Meat ration       |       |       |       |     1 ||     1
       Fruit             |       |       |       |     1 ||     1
